cohdb
Replays
Latest Replays
All Replays
Popular Replays
Top Player Replays
Match Explorer
How It Works
Community
CoH3 Stats
Reddit
Sign in to upload your games and track your stats! →
Sign in with Steam
Match 42379467
Unlisted
Match 42379467
Overview
Messages
Build Orders
End
Construct Section Command Post
Dingo Light Scout Car
Vickers Machine Gun Team
Infantry Section
Infantry Section
Construct Platoon Command Post
Selects Australian Defense Battlegroup
Selects Australian Defense Battlegroup
Humber Armored Car
Selects CMP 15cwt Supply Run
Selects Australian Light Infantry Section
Selects 2-pounder Anti-tank Gun Team
CMP 15cwt Supply Run
2-pounder Anti-tank Gun Team
Construct Company Command Post
Selects Reinforced Resource Caches
Crusader II Medium Tank
Armored Vehicle Training
CMP 15cwt Supply Run
Crusader II Medium Tank
Crusader II Medium Tank
Selects Vehicle Over Repair
Foot Guards Section
CMP 15cwt Supply Run
Crusader II Medium Tank
Crusader II Medium Tank
Crusader II Medium Tank
Royal Engineer Section
Crusader II Medium Tank
Selects Charged Creeping Barrage
Charged Creeping Barrage
Charged Creeping Barrage
Charged Creeping Barrage
喜欢框A框T,激发队友潜力
天凉好个秋
מלך
Luzinit24
Hawkkinson
Valdai
Sailor
Blooddeani
0
0
Comments
sign in to comment!
No comments posted yet!